 Dungeon Crawl Stone Soup version 0.21-a0-225-g207ae17 (webtiles) character file.

771 KristoblXynda the Covered (level 7, 0/61 HPs)
             Began as a Deep Dwarf Fighter on Aug 28, 2017.
             Slain by an ice beast (11 damage)
             ... on level 5 of the Dungeon.
             The game lasted 00:07:02 (4142 turns).

KristoblXynda the Covered (Deep Dwarf Fighter)      Turns: 4142, Time: 00:07:03

Health: 0/61       AC: 10    Str: 22    XL:     7   Next: 53%
Magic:  7/7        EV:  8    Int:  8    God:
Gold:   257        SH: 12    Dex: 12    Spells: 6/6 levels left

rFire    + + .     SeeInvis .   m - +3 hand axe
rCold    . . .     Gourm    .   e - +2 shield
rNeg     . . .     Faith    .   s - +0 scale mail {rF+}
rPois    .         Spirit   .   c - +0 helmet
rElec    .         Reflect  .   (no cloak)
rCorr    .         Harm     .   l - +0 pair of gloves
MR       +....                  (no boots)
Stlth    ..........             (no amulet)
HPRegen  0.00/turn              r - ring of protection from fire
MPRegen  0.10/turn              (no ring)

@: non-regenerating
A: damage resistance, heal wounds, sense surroundings 1, no regeneration
a: Heal Wounds


You were on level 5 of the Dungeon.
You were not hungry.

You visited 1 branch of the dungeon, and saw 5 of its levels.

You collected 257 gold pieces.

Inventory:

Hand Weapons
 a - a +0 war axe
 m - a +3 hand axe (weapon)
Armour
 c - a +0 helmet (worn)
 e - a +2 shield (worn)
 l - a +0 pair of gloves (worn)
 s - a +0 scale mail of fire resistance (worn)
Jewellery
 r - a ring of protection from fire (left hand)
Wands
 p - a wand of digging (17/24)
Scrolls
 b - 3 scrolls of remove curse
 g - a scroll of teleportation
 h - 4 scrolls of identify
Potions
 d - 3 potions of might
 i - a potion of lignification
 j - a potion of mutation
 k - a potion of resistance
Comestibles
 f - 3 bread rations
 n - 3 meat rations
 o - a royal jelly


   Skills:
 - Level 2.6 Fighting
 + Level 5.5 Axes
 + Level 6.6 Armour
 + Level 6.0 Shields


You had 6 spell levels left.
You didn't know any spells.

Dungeon Overview and Level Annotations

Branches:
Dungeon (5/15)
 Temple: D:4-7

Altars:
Cheibriados
Dithmenos
Gozag
Kikubaaqudgha
Okawaru
Qazlal
Ru
Sif Muna
Trog
Uskayaw
Vehumet
Xom
The Shining One


Innate Abilities, Weirdness & Mutations

You are resistant to damage.
You can heal yourself by infusing magical energy.
You passively map a small area around you.
You do not regenerate.


Message History

You kill the gnoll!
Things that are here:
a scythe; a robe; a gnoll corpse
Things that are here:
a scythe; a robe
Things that are here:
a scythe; a robe; a gnoll corpse
There is an open door here.
Key pressed, stopping explore.
An ice beast comes into view.
The ice beast hits you but does no damage.
You hit the ice beast.
The ice beast is lightly wounded.
You block the ice beast's attack.
You hit the ice beast but do no damage.
The ice beast is lightly wounded.
The ice beast hits you.
* * * LOW HITPOINT WARNING * * *
The ice beast freezes you!
You die...

..'))######.##.#######.#.#
..#..# #.##.......#.#.#
..#### #.########.#.#(###
### #........#.#.#...#
###........#.###.##
#.####.###..†...# , #...#
######## #.### , #@# ***
** #Y....... * .....#### ,
#####.# .# ,# , ,


You could see an ice beast.

Vanquished Creatures
  A sky beast (D:5)
  An ogre (D:5)
  A scorpion (D:4)
  A howler monkey (D:5)
  A hound (D:5)
  4 orc wizards
  A bullfrog skeleton (D:5)
  2 orc priests (D:3)
  An iguana (D:5)
  A worker ant (D:4)
  Robin (D:4)
  3 gnolls (D:5)
  5 adders
  An adder zombie (D:5)
  2 worms
  2 dart slugs
  6 leopard geckos
  14 orcs
  4 ball pythons
  9 bats
  5 giant cockroaches
  25 goblins
  9 hobgoblins
  4 jackals (D:3)
  7 kobolds
  2 quokkas
  5 frilled lizards
  10 rats
128 creatures vanquished.

Vanquished Creatures (others)
  An orc wizard (D:4)
  A kobold (D:2)
2 creatures vanquished.

Grand Total: 130 creatures vanquished

Notes
Turn   | Place    | Note
-------+----------+-------------------------------------------
     0 | D:1      | KristoblXynda the Deep Dwarf Fighter began the quest for the Orb.
     0 | D:1      | Reached XP level 1. HP: 20/20 MP: 1/1
     1 | D:1      | Noticed an electric eel
   291 | D:1      | Reached XP level 2. HP: 20/27 MP: 2/2
   639 | D:1      | Reached XP level 3. HP: 17/33 MP: 3/3
  1214 | D:2      | Found a sacrificial altar of Ru.
  1501 | D:2      | Reached XP level 4. HP: 25/40 MP: 4/4
  2049 | D:3      | Found an opulent altar of Gozag.
  2310 | D:3      | Reached XP level 5. HP: 24/46 MP: 5/5
  2323 | D:3      | Reached skill level 5 in Armour
  2566 | D:4      | Reached skill level 5 in Shields
  2566 | D:4      | Reached XP level 6. HP: 18/55 MP: 6/6
  2678 | D:4      | Noticed Robin
  2691 | D:4      | Killed Robin
  3040 | D:4      | Found a shimmering altar of Xom.
  3040 | D:4      | Found a bloodstained altar of Trog.
  3040 | D:4      | Found a hide-covered altar of Uskayaw.
  3041 | D:4      | Found a deep blue altar of Sif Muna.
  3041 | D:4      | Found an iron altar of Okawaru.
  3041 | D:4      | Found a shadowy altar of Dithmenos.
  3041 | D:4      | Found a radiant altar of Vehumet.
  3112 | D:4      | Found a glowing golden altar of the Shining One.
  3115 | D:4      | Found a snail-covered altar of Cheibriados.
  3117 | D:4      | Found a stormy altar of Qazlal.
  3437 | D:5      | Entered Level 5 of the Dungeon
  3495 | D:5      | Noticed a sky beast
  3511 | D:5      | Killed a sky beast
  3519 | D:5      | Reached skill level 5 in Axes
  3519 | D:5      | Reached XP level 7. HP: 34/61 MP: 7/7
  3993 | D:5      | Found an ancient bone altar of Kikubaaqudgha.
  4142 | D:5      | Slain by an ice beast

Vault maps used:
D:1:      arrival_aquarium_a
D:2:      kennysheep_the_goblin_king, nicolae_overflow_crystal_walls,
          grunt_decor_mini_mirrors
D:3:      lemuel_round_altar, first_bread
D:4:      grunt_temple_overflow_open, nicolae_overflow_hidden_temple, uniq_robin
D:5:      kennysheep_mini, sigmund_army

Skill      XL: |  1  2  3  4  5  6  7 |
---------------+----------------------+-----
Armour         | 4 5 6 |  6.6
Shields        | 4 5 6 |  6.0
Axes           | 3 4 5 |  5.5
Fighting       | |  2.6

Action                   |  1- 3 |  4- 6 |  7- 9 || total
-------------------------+-------+-------+-------++-------
Melee: War axe           |   146 |       |       ||   146
       Hand axe          |     1 |   226 |    68 ||   295
 Abil: Heal Wounds       |       |     1 |     1 ||     2
  Use: Scroll            |     5 |     5 |     2 ||    12
       Potion            |     1 |     1 |       ||     2
  Eat: Chunk             |     2 |     3 |       ||     5
       Royal jelly       |       |     1 |       ||     1
       Meat ration       |       |     1 |       ||     1
Armor: Scale mail        |    79 |    93 |    22 ||   194
Dodge: Dodged            |    51 |    52 |    18 ||   121
Block: Shield            |    89 |   112 |    34 ||   235

Table legend:
 A = Spawn XP
 B = Non-spawn XP
 C = Spawn XP percentage of total XP
 D = Spawn monster count
 E = Non-spawn monster count
 F = Spawn count percentage of total count
 G = Total turns spent on level
                    A         B        C        D         E        F      G
               +---------+---------+-------+---------+---------+-------+---------
         Total |      10 |    1092 |   0.9 |       6 |     124 |   4.6 |  4142
               +---------+---------+-------+---------+---------+-------+---------
           D:1 |       4 |      37 |   9.8 |       2 |      20 |   9.1 |   733
           D:2 |       6 |      58 |   9.4 |       4 |      31 |  11.4 |   984
           D:3 |       0 |     177 |   0.0 |       0 |      28 |   0.0 |   742
           D:4 |       0 |     260 |   0.0 |       0 |      24 |   0.0 |   978
           D:5 |       0 |     560 |   0.0 |       0 |      21 |   0.0 |   705
               +---------+---------+-------+---------+---------+-------+---------
